 Dungeon Sprint DCSS version 0.20-a0-556-g892c87b (webtiles) character file.

65 Kidiri the Magician (level 3, -1/21 HPs)
             Began as a Deep Elf Fire Elementalist on Feb 4, 2017.
             Was an Initiate of Vehumet.
             Killed from afar by a deep elf knight (18 damage)
             ... with a shard of ice
             ... in the Dungeon (Sprint V: "Ziggurat Sprint").
             The game lasted 00:01:51 (146 turns).

Kidiri the Magician (Deep Elf Fire Elementalist)     Turns: 146, Time: 00:01:51

Health: -1/21      AC:  2    Str:  5    XL:     3   Next: 92%
Magic:  17/19      EV: 14    Int: 38    God:    Vehumet [......]
Gold:   0          SH:  0    Dex: 15    Spells: 12/15 levels left

rFire    . . .     SeeInvis .   m - +6 Majin-Bo {vamp, Archmagi MP+6 Int+6}
rCold    . . .     Gourm    .   a - +0 robe
rNeg     . . .     Faith    .   (shield currently unavailable)
rPois    .         Spirit   .   (no helmet)
rElec    .         Reflect  .   (no cloak)
rCorr    .         Harm     .   (no gloves)
MR       .....     NoTele   +   (no boots)
Stlth    ++........             (no amulet)
Regen    0.1/turn               B - +6 ring of intelligence
                                A - +6 ring of intelligence

@: no status effects
A: no striking features
a: Renounce Religion


You were in the Dungeon.
You worshipped Vehumet.
Vehumet was noncommittal.
You were not hungry.

You visited 1 branch

Inventory:

Hand Weapons
 m - the +6 Majin-Bo (weapon) {vamp, Archmagi MP+6 Int+6}
   (You found it in the Dungeon)

   It inflicts no extra harm, but heals its wielder when it wounds a living foe.
   It affects your intelligence (+6).
   It affects your magic capacity (+6).
Armour
 a - a +0 robe (worn)
Jewellery
 y - a +6 ring of dexterity
 z - a +6 ring of dexterity
 A - a +6 ring of intelligence (left hand)
 B - a +6 ring of intelligence (right hand)
 C - a +6 ring of strength
 D - a +6 ring of strength
Wands
 E - a wand of disintegration (6/24)
 F - a wand of iceblast (5/15)
 G - a wand of lightning (4/15)
 H - a wand of acid (2/15)
Scrolls
 i - 4 scrolls of blinking
 p - 4 scrolls of amnesia
 q - 3 scrolls of recharging
 r - 7 scrolls of fog
 s - a scroll of holy word
 t - 5 scrolls of identify
 u - 5 scrolls of remove curse
 v - 2 scrolls of fear
Potions
 d - 10 potions of curing
 e - 10 potions of heal wounds
 f - 6 potions of haste
 g - 7 potions of magic
 h - 3 potions of berserk rage
 j - 2 potions of brilliance
 k - 2 potions of invisibility
 l - 4 potions of resistance
 n - 5 potions of agility
 o - 5 potions of might
Books
 b - a book of Flames

   Spells                             Type                      Level
   a - Flame Tongue                   Conjuration/Fire             1
   b - Throw Flame                    Conjuration/Fire             2
   c - Conjure Flame                  Conjuration/Fire             3
   d - Inner Flame                    Hexes/Fire                   3
   e - Sticky Flame                   Conjuration/Fire             4
   f - Fireball                       Conjuration/Fire             5
Comestibles
 c - 5 bread rations
 w - 40 fruits
 x - 4 meat rations


   Skills:
 + Level 2.2 Fighting
 + Level 2.7 Staves
 + Level 2.2 Armour
 + Level 4.3 Dodging
 - Level 2.4 Stealth
 * Level 6.5 Spellcasting
 + Level 3.4 Conjurations
 + Level 4.7 Fire Magic
 + Level 3.1 Evocations


You had 12 spell levels left.
You knew the following spells:

 Your Spells              Type           Power        Failure   Level  Hunger
a - Flame Tongue          Conj/Fire      #####        1%          1    None
b - Throw Flame           Conj/Fire      ######       1%          2    None


Dungeon Overview and Level Annotations

Branches:
Dungeon (1/1)

Altars:
Ashenzari
Cheibriados
Dithmenos
Elyvilon
Fedhas
Gozag
Hepliaklqana
Kikubaaqudgha
Makhleb
Nemelex Xobeh
Okawaru
Qazlal
Ru
Sif Muna
Trog
Uskayaw
Vehumet
Xom
Yredelemnul
Zin
The Shining One
Beogh
Jiyva
Lugonu


Message History

Aim: a deep elf knight, wielding a short sword, wearing a ring mail and wearing a buckler (moderately wounded, fast, covered in acid, chance to defeat MR: 28%)
The deep elf knight easily resists.
This wand has 6 charges left.
The deep elf knight hits you with a short sword.
The deep elf knight barely misses you.
Unknown command.
Evoke which item? (* to show all) (? for menu, Esc to quit)
Okay, then.
Unknown command.
Evoke which item? (* to show all) (? for menu, Esc to quit)
Aiming: Lightning Bolt
Press: ? - help, Shift-Dir - straight line, f/p - deep elf knight
Aim: a deep elf knight, wielding a short sword, wearing a ring mail and wearing a buckler (moderately wounded, fast, covered in acid)
You hear a mighty clap of thunder!
The bolt of lightning hits the deep elf knight.
The deep elf knight is severely wounded.
This wand has 4 charges left.
The deep elf knight points at you and mumbles some strange words.
The shard of ice hits you!
Ouch! That really hurt!
You die...

▓▓▓▓▓▓▓
▓.8©8.▓
▓.....▓
▓.=.:.▓
▓.....▓
▓..e..▓
▓..@..▓
▓▓▓▓▓▓▓


You could see a deep elf knight.

Vanquished Creatures
  An earth elemental (D)
1 creature vanquished.

Notes
Turn   | Place    | Note
-------+----------+-------------------------------------------
     0 | D        | Kidiri the Deep Elf Fire Elementalist began the quest for the Orb.
     0 | D        | Reached XP level 1. HP: 10/10 MP: 6/6
     0 | D        | Found a deep blue altar of Sif Muna.
     0 | D        | Found a sacrificial altar of Ru.
     0 | D        | Found a bloodstained altar of Trog.
     0 | D        | Found a stormy altar of Qazlal.
     0 | D        | Found an iron altar of Okawaru.
     0 | D        | Found a sparkling altar of Nemelex Xobeh.
     0 | D        | Found a blossoming altar of Fedhas.
     2 | D        | Found an ancient bone altar of Kikubaaqudgha.
     2 | D        | Found a viscous altar of Jiyva.
     2 | D        | Found a corrupted altar of Lugonu.
     2 | D        | Found a hazy altar of Hepliaklqana.
     2 | D        | Found a burning altar of Makhleb.
     2 | D        | Found an opulent altar of Gozag.
    53 | D        | Reached skill level 1 in Fighting
    53 | D        | Reached skill level 1 in Armour
    53 | D        | Reached skill level 5 in Spellcasting
    53 | D        | Reached XP level 2. HP: 17/17 MP: 7/10
    67 | D        | Became a worshipper of Vehumet
    71 | D        | Learned a level 2 spell: Throw Flame
   141 | D        | Entered arena 1.
   141 | D        | Noticed a deep elf knight
   141 | D        | Noticed an earth elemental
   144 | D        | Killed an earth elemental
   144 | D        | Reached skill level 6 in Spellcasting
   144 | D        | Reached XP level 3. HP: 21/21 MP: 13/13
   146 | D        | Killed from afar by a deep elf knight

Vault maps used:
D:        sprint_v

Skill      XL: |  1  2 |
---------------+-------+-----
Fighting       | 1 2 |  2.2
Staves         | 2 |  2.7
Armour         | 1 2 |  2.2
Dodging        | 3 4 |  4.3
Spellcasting   | 5 6 |  6.5
Conjurations   | 2 3 |  3.4
Fire Magic     | 4 |  4.7
Evocations     | 2 3 |  3.1
Stealth        | |  2.4

Action                   || total
-------------------------++-------
Evoke: Wand              ||     5
  Use: Potion            ||     1
  Eat: Fruit             ||     2
Dodge: Dodged            ||     1
